 Dungeon Crawl Stone Soup version 0.27-a0-1347-gd8886f0a89 (webtiles) character file.

Game seed: 126736439466066138

14 bilbop the Caller (level 2, -1/16 HPs)
             Began as a Deep Elf Summoner on June 28, 2021.
             Killed from afar by a dart slug (4 damage)
             ... with a slug dart
             ... on level 2 of the Dungeon.
             The game lasted 00:04:03 (1526 turns).

bilbop the Caller (Deep Elf Summoner)               Turns: 1526, Time: 00:04:03

Health: -1/16      AC:  2    Str:  5    XL:     2   Next: 27%
Magic:  6/8        EV: 12    Int: 19    God:
Gold:   23         SH:  0    Dex: 15    Spells: 6/7 levels left

rFire    . . .     SeeInvis .   e - +0 short sword
rCold    . . .     Faith    .   (no shield)
rNeg     . . .     Spirit   .   b - +0 robe
rPois    .         Reflect  .   (no helmet)
rElec    .         Harm     .   (no cloak)
rCorr    .         Rampage  .   (no gloves)
Will     .....                  (no boots)
Stlth    ++........             f - amulet of regeneration
HPRegen  1.05/turn              (no ring)
MPRegen  0.11/turn              (no ring)

@: no status effects
A: no striking features
a: no special abilities


You were on level 2 of the Dungeon.
You visited 1 branch of the dungeon, and saw 2 of its levels.

You collected 23 gold pieces.

Inventory:

Hand Weapons
 a - a +2 dagger of venom
 e - a +0 short sword (weapon)
Armour
 b - a +0 robe (worn)
Jewellery
 f - an amulet of regeneration (around neck)
Scrolls
 d - a scroll of teleportation {unknown}
 j - a scroll of acquirement {unknown}
Potions
 c - 2 potions of berserk rage {unknown}
 g - a potion of degeneration {unknown}
 h - a potion of attraction {unknown}
 i - a potion of resistance {unknown}


   Skills:
 + Level 0.4 Fighting
 + Level 0.5 Short Blades
 + Level 2.6 Dodging
 + Level 2.8 Stealth
 + Level 3.1 Spellcasting
 + Level 4.5 Summonings


You had 6 spell levels left.
You knew the following spells:

 Your Spells              Type           Power      Damage    Failure   Level
a - Summon Small Mammal   Summ           80%        N/A       2%          1

Your spell library contained the following spells:

 Spells                   Type           Power      Damage    Failure   Level
 Call Imp                 Summ           20%        N/A       3%          2
 Call Canine Familiar     Summ           20%        N/A       7%          3
 Summon Guardian Golem    Hex/Summ       11%        N/A       19%         3
 Summon Ice Beast         Ice/Summ       11%        N/A       52%         4
 Summon Lightning Spire   Summ/Air       11%        N/A       52%         4


Dungeon Overview and Level Annotations

Branches:
Dungeon (2/15)

Altars:


Message History

You puncture the hobgoblin!
You kill the hobgoblin!
Done exploring.
Done exploring.
There is an open door here.
There is a stone staircase leading down here.
You start putting on your amulet.
You continue putting on your amulet of regeneration. x5
You finish putting on your amulet of regeneration.
The amulet throbs as it attunes itself to your uninjured body.
f - an amulet of regeneration (around neck)
You climb downwards.
A worm and a dart slug come into view.
Found a leather armour and a scroll labelled MARUITSITEG.
There is a stone staircase leading up here.
Your bat hits the worm. The worm bites you!
Your bat hits the worm. Your bat hits the worm.
Your quokka closely misses the worm.
Your bat hits the worm.
Your quokka bites the worm.
Your rat bites the worm.
Your quokka bites the worm.
Your rat bites the worm.
Your bat hits the worm.
Your quokka barely misses the worm.
The helpless dart slug fails to defend itself.
You puncture the dart slug!
The dart slug is severely wounded.
Your quokka barely misses the worm.
The dart slug bites you.
Your rat bites the worm.
Your quokka bites the worm.
You hit the worm.
The worm is almost dead.
Your bat barely misses the worm.
The dart slug launches a dart at you. The slug dart hits you.
You hit the dart slug.
The dart slug is almost dead.
Your bat hits the worm.
Your quokka barely misses the worm.
Your rat bites the worm.
The worm bites you!
Ouch! That really hurt!
* * * LOW HITPOINT WARNING * * *
The dart slug launches a dart at you. The slug dart hits you.
You die...

##............
###............#
..?...........
#..........#
#..........#
#..........#
#w.br...#
#@wr.<# ####[##
#.# #.# #.# #..
#.# ..#


You could see a worm (ally target), a dart slug, a friendly quokka (summoned), a
friendly bat (summoned) and a friendly rat (summoned).

Vanquished Creatures
  A bat (D:1)
  A hobgoblin (D:1)
  A jackal (D:1)
  A frilled lizard (D:1)
  A kobold (D:1)
  A rat (D:1)
6 creatures vanquished.

Vanquished Creatures (collateral kills)
  A ball python (D:1)
  An endoplasm (D:1)
  A hobgoblin (D:1)
  3 jackals (D:1)
  2 kobolds (D:1)
  A bat (D:1)
  A frilled lizard (D:1)
  A goblin (D:1)
11 creatures vanquished.

Grand Total: 17 creatures vanquished

Notes
Turn   | Place    | Note
-------+----------+-------------------------------------------
     0 | D:1      | bilbop the Deep Elf Summoner began the quest for the Orb.
     0 | D:1      | Reached XP level 1. HP: 10/10 MP: 6/6
   529 | D:1      | Noticed a golden eye
   548 | D:1      | Found a faded altar of an unknown god.
   553 | D:1      | Reached XP level 2. HP: 6/15 MP: 2/8
   723 | D:1      | Noticed a floating eye
   727 | D:1      | Noticed a golden eye
   733 | D:1      | Noticed a great orb of eyes
  1526 | D:2      | Killed from afar by a dart slug

Illustrated notes

Levels and vault maps discovered:
D:1:      dpeg_arrival_oval, layout_basic,
          hellmonk_ecumenical_altar_watching_god, ebering_dispersal_statue_hall,
          supply_closet_lemuel
D:2:      layout_rooms, minmay_pentomino_u2

Action                   || total
-------------------------++-------
Melee: Short sword       ||    21
       Unarmed           ||     1
 Cast: Summon Small Mamm ||    24
 Stab: Sleeping          ||     2
Armor: Robe              ||     3
Dodge: Dodged            ||    14

Table legend: (Time is in decaauts)
 A = Elapsed time spent in this place.
 B = Non-inter-level travel time spent in this place.
 C = Inter-level travel time spent in this place.
 D = Time resting spent in this place.
 E = Time spent auto-exploring this place.
 F = Levels seen in this place.
 G = Mean time per level.
                   A        B        C        D        E       F      G
               +--------+--------+--------+--------+--------+-----+--------+
         Total |   1526 |   1461 |     65 |      0 |   1302 |   2 |  763.0 |
       Dungeon |   1526 |   1461 |     65 |      0 |   1302 |   2 |  763.0 |
               +--------+--------+--------+--------+--------+-----+--------+

Top non-repeatable levels by time:
     D:1: 1517 daAuts
     D:2: 9 daAuts
